 Dungeon Crawl Stone Soup version 0.19.1 (webtiles) character file.

102 Firecrotchwizard the Conjurer (level 4, -2/24 HPs)
             Began as a Deep Elf Conjurer on Dec 9, 2016.
             Killed by divine providence
             ... invoked by an orc priest
              (13 damage)
             ... on level 3 of the Dungeon.
             The game lasted 00:06:15 (1976 turns).

Firecrotchwizard the Conjurer (Deep Elf Conjurer)   Turns: 1976, Time: 00:06:15

Health: -2/24      AC:  4    Str:  5    XL:     4   Next: 50%
Magic:  0/11       EV: 13    Int: 21    God:
Gold:   59         SH:  0    Dex: 15    Spells: 3 memorised, 3 levels left

rFire  . . .     SeeInvis .     h - +2 short sword (speed)
rCold  . . .     Gourm    .     a - +0 robe
rNeg   . . .     Faith    .     (no shield)
rPois  .         Spirit   .     (no helmet)
rElec  .         Reflect  .     (no cloak)
rCorr  .         Harm     .     r - +0 pair of gloves (curse)
MR     .....                    q - +0 pair of boots
Stlth  ++........               k - amulet of regeneration
                                (no ring)
                                (no ring)

@: no status effects
A: no striking features
a: no special abilities


You were on level 3 of the Dungeon.
You were not hungry.

You visited 1 branch of the dungeon, and saw 3 of its levels.

You collected 59 gold pieces.

Inventory:

Hand Weapons
 d - a +0 spear
 h - a +2 short sword of speed (weapon)
Armour
 a - a +0 robe (worn)
 q - a +0 pair of boots (worn)
 r - a cursed +0 pair of gloves (worn)
Jewellery
 k - an amulet of regeneration (around neck)
Scrolls
 f - 2 scrolls of amnesia {unknown}
 i - a scroll of random uselessness {unknown}
 j - a scroll of fog {unknown}
 n - 2 scrolls of magic mapping {unknown}
 t - 2 scrolls of teleportation {unknown}
Potions
 e - 2 potions of curing {unknown}
 l - a potion of ambrosia {unknown}
 m - 3 potions of might {unknown}
 o - a potion of cure mutation {unknown}
 p - a potion of agility {unknown}
 s - a potion of heal wounds {unknown}
Books
 b - a book of Conjurations

   Spells                             Type                      Level
   a - Magic Dart                     Conjuration                  1
   b - Searing Ray                    Conjuration                  2
   c - Dazzling Spray                 Conjuration/Hexes            3
   d - Fulminant Prism                Conjuration/Hexes            4
   e - Iskenderun's Mystic Blast      Conjuration                  4
   f - Iskenderun's Battlesphere      Conjuration/Charms           5
Comestibles
 c - 4 bread rations
 g - a beef jerky
 u - a chunk of flesh


   Skills:
 + Level 3.1 Dodging
 + Level 3.3 Stealth
 + Level 3.7 Spellcasting
 * Level 5.6 Conjurations


You had 3 spell levels left.
You knew the following spells:

 Your Spells              Type           Power        Failure   Level  Hunger
a - Magic Dart            Conj           ####         1%          1    None
b - Searing Ray           Conj           ####..       1%          2    ##.....
c - Iskenderun's Mystic   Conj           ####....     14%         4    ####...


Dungeon Overview and Level Annotations

Branches:
Dungeon (3/15)

Altars:


Message History

Press: ? - help, Shift-Dir - straight line, f/p - orc priest
Aim: an orc priest, wielding a dagger (moderately wounded)
The magic dart hits the orc priest.
The orc priest is severely wounded.
You hit the orc priest.
The orc priest is almost dead.
The orc priest mumbles some strange prayers to Beogh against you.
Pain shoots through your body!
Ouch! That really hurt!
You barely miss the orc priest.
The orc priest is almost dead.
You hit the orc priest but do no damage.
The orc priest is almost dead.
The orc priest hits you but does no damage.
You hit the orc priest.
The orc priest is almost dead.
The orc priest invokes the aid of Beogh against you.
Beogh smites you!
Ouch! That really hurt!
You die...

#######################
................@o[o..#
#####################..)..
###


You could see an orc priest and an orc.

Vanquished Creatures
  An orc priest (D:3)
  3 adders (D:2)
  A dart slug (D:2)
  2 leopard geckos (D:2)
  An orc (D:3)
  2 giant cockroaches
  4 goblins
  5 hobgoblins
  7 jackals
  A quokka (D:2)
  6 bats
  2 frilled lizards (D:2)
  3 kobolds
  3 rats
41 creatures vanquished.

Notes
Turn   | Place    | Note
-------+----------+-------------------------------------------
     0 | D:1      | Firecrotchwizard the Deep Elf Conjurer began the quest for the Orb.
     0 | D:1      | Reached XP level 1. HP: 10/10 MP: 6/6
   307 | D:1      | Reached XP level 2. HP: 10/15 MP: 4/8
   394 | D:1      | Learned a level 2 spell: Searing Ray
   738 | D:2      | Reached skill level 5 in Conjurations
   832 | D:2      | Reached XP level 3. HP: 19/19 MP: 2/9
  1460 | D:2      | Reached XP level 4. HP: 24/24 MP: 6/11
  1519 | D:2      | Learned a level 4 spell: Iskenderun's Mystic Blast
  1976 | D:3      | Killed from afar by an orc priest

Skill      XL: |  1  2  3  4 |
---------------+-------------+-----
Conjurations   | 5 |  5.6
Stealth        | 3 |  3.3
Dodging        | 3 |  3.1
Spellcasting   | |  3.7

Action                   |  1- 3 |  4- 6 || total
-------------------------+-------+-------++-------
Melee: Spear             |     3 |       ||     3
       Short sword       |    21 |     4 ||    25
 Cast: Magic Dart        |    67 |    13 ||    80
       Searing Ray       |     1 |     1 ||     2
  Eat: Chunk             |     1 |     2 ||     3
Dodge: Dodged            |    17 |       ||    17
